 Dungeon Crawl Stone Soup version 0.16.0-6-gad6103a (webtiles) character file.

4540 MDvedh the Severer (level 10, -1/77 HPs)
             Began as a Hill Orc Gladiator on Mar 15, 2015.
             Was a Believer of Beogh.
             Slain by a killer bee (7 damage)
             ... on level 8 of the Dungeon.
             The game lasted 00:17:32 (8686 turns).

MDvedh the Severer (Hill Orc Gladiator)             Turns: 8686, Time: 00:17:32

Health: -1/77      AC: 15    Str: 22    XL:     10   Next: 40%
Magic:  10/10      EV: 11    Int:  8    God:    Beogh [**....]
Gold:   401        SH:  0    Dex: 11    Spells: 0 memorised, 9 levels left

rFire  . . .     SeeInvis .     a - +1 war axe
rCold  + . .     Clarity  .     F - +3 ring mail
rNeg   . . .     SustAb   .     (no shield)
rPois  +         Gourm    .     c - +1 helmet
rElec  .         Spirit   .     r - +2 cloak
rCorr  .         Warding  .     (no gloves)
rMut   .         Stasis   .     H - +0 pair of boots
MR     .....                    (no amulet)
Stlth  +.........               M - ring of protection from cold
                                y - ring of poison resistance

@: very slightly contaminated, invisible, not resistant to hostile enchantments,
very unstealthy
A: mutation resistance 1, slow healing 1
a: Smiting, Renounce Religion


You were on level 8 of the Dungeon.
You worshipped Beogh.
Beogh was pleased with you.
You were hungry.

You visited 1 branch of the dungeon, and saw 9 of its levels.
You also visited: Sewer.

You collected 401 gold pieces.

Inventory:

Hand weapons
 a - a +1 war axe (weapon)
Missiles
 d - 3 throwing nets (quivered)
Armour
 c - a +1 helmet (worn)
 j - a +0 large shield
 q - a +0 buckler
 r - a +2 cloak (worn)
 F - a +3 ring mail (worn)
 H - a +0 pair of boots (worn)
Jewellery
 b - a +6 ring of strength
 y - a ring of poison resistance (left hand)
 C - an uncursed ring of sustain abilities
 M - a ring of protection from cold (right hand)
Magical devices
 u - a wand of disintegration (16)
 v - a wand of digging (24)
 I - a wand of confusion (37)
 J - a wand of random effects (33)
 K - a wand of lightning (8)
Scrolls
 g - 3 scrolls of magic mapping
 h - 2 scrolls of enchant armour
 i - 2 scrolls of remove curse
 p - 2 scrolls of recharging
 D - a scroll of enchant weapon
 O - 3 scrolls of teleportation
Potions
 e - a potion of ambrosia
 k - a potion of flight
 n - a potion of haste
 o - a potion of resistance
 s - a potion of beneficial mutation {unknown}
 x - 3 potions of heal wounds {unknown}
 z - a potion of might
 A - a potion of brilliance {unknown}
 E - 2 potions of restore abilities
 L - a potion of lignification {unknown}
Comestibles
 f - 3 meat rations
 w - 2 slices of pizza
 B - 3 bread rations
 G - 2 royal jellies
 N - a chunk of flesh


   Skills:
 + Level 3.1 Fighting
 - Level 17.9 Axes
 - Level 2.0 Throwing
 + Level 1.2 Armour
 - Level 2.4 Dodging


You had 9 spell levels left.
You didn't know any spells.

Dungeon Overview and Level Annotations

Branches:
Dungeon (9/15)             Temple (0/1) D:7             Orc (0/4) D:9
   Lair: D:8-11

Altars:
Cheibriados
Dithmenos
Elyvilon
Okawaru
Ru
Trog
Yredelemnul

Annotations:
D:5 1 runed door


Innate Abilities, Weirdness & Mutations

You are somewhat resistant to further mutation.
You heal slowly when monsters are visible.


Message History

The killer bee stings you but does no damage.
The killer bee completely misses you.
Unknown command.
Drink which item? (? for menu, Esc to quit)
You feel better. The killer bee misses you. The killer bee stings you!
* * * LOW HITPOINT WARNING * * *
The killer bee stings you.
* * * LOW HITPOINT WARNING * * *
You closely miss the killer bee.
The killer bee is moderately wounded.
The killer bee stings you.
* * * LOW HITPOINT WARNING * * *
The killer bee closely misses you.
Unknown command.
Read which item? (? for menu, Esc to quit)
Okay, then.
Drink which item? (? for menu, Esc to quit)
You fade into invisibility!
The killer bee barely misses you. The killer bee stings you!
You die...

#..#
#..##
##..#
#..#
##.##
#..#
#..##
#y..##
##@..#
#####
###
..##
...#
####


You could see a killer bee (berserk).

Vanquished Creatures
  A wyvern (D:9)
  A wraith (D:8)
  2 hippogriffs
  A steam dragon (D:8)
  3 wargs (D:9)
  2 ice beasts
  6 ogres
  An orc warrior (D:9)
  A sky beast (D:6)
  A crocodile (Sewer)
  3 black bears
  2 phantoms (D:8)
  A big kobold (D:9)
  3 centaurs
  4 giant frogs
  A gnoll sergeant (D:8)
  4 scorpions
  14 killer bees
  A crimson imp (D:7)
  A giant frog zombie (D:8)
  3 goliath beetles
  5 hounds
  An orc priest (D:8)
  4 iguanas
  3 orc wizards
  5 worker ants
  A killer bee zombie (D:6)
  A hound skeleton (D:4)
  8 gnolls
  9 adders
  5 giant mites
  2 worms
  A shadow imp (D:6)
  An adder skeleton (D:8)
  An adder zombie (D:6)
  4 giant geckos
  9 orcs
  2 ball pythons (D:1)
  3 bat skeletons
  A bat zombie (D:5)
  6 giant cockroaches
  15 goblins
  12 hobgoblins
  20 jackals
  4 quokkas
  A ball python skeleton (D:4)
  13 bats
  A giant gecko skeleton (D:7)
  2 giant newts (D:2)
  24 kobolds
  A quokka skeleton (D:7)
  15 rats
236 creatures vanquished.

Notes
Turn   | Place    | Note
--------------------------------------------------------------
     0 | D:1      | MDvedh, the Hill Orc Gladiator, began the quest for the Orb.
     0 | D:1      | Reached XP level 1. HP: 18/18 MP: 1/1
   111 | D:1      | Reached XP level 2. HP: 25/25 MP: 2/2
   124 | D:1      | Reached skill level 5 in Axes
   237 | D:1      | Reached XP level 3. HP: 27/30 MP: 3/3
   746 | D:2      | Reached skill level 6 in Axes
   776 | D:2      | Reached XP level 4. HP: 33/37 MP: 4/4
  1280 | D:2      | Found an iron altar of Okawaru.
  1414 | D:3      | Reached skill level 7 in Axes
  1486 | D:3      | Noticed an orc warrior
  1489 | D:3      | HP: 1/37 [orc warrior/halberd of distortion (13)]
  1971 | D:4      | Found a glowing drain.
  2124 | Sewer    | Entered a sewer
  2138 | Sewer    | Reached XP level 5. HP: 38/42 MP: 5/5
  2183 | Sewer    | Noticed a crocodile
  2195 | Sewer    | HP: 1/42 [crocodile (11)]
  2199 | Sewer    | Killed a crocodile
  2199 | Sewer    | Reached skill level 8 in Axes
  2959 | D:4      | Reached XP level 6. HP: 46/50 MP: 6/6
  2994 | D:4      | Noticed an ogre
  3001 | D:4      | Killed an ogre
  3001 | D:4      | Reached skill level 9 in Axes
  3348 | D:4      | Noticed an ogre
  3353 | D:4      | Killed an ogre
  3353 | D:4      | Reached skill level 10 in Axes
  3353 | D:4      | Reached XP level 7. HP: 50/56 MP: 7/7
  4051 | D:5      | Entered Level 5 of the Dungeon
  4336 | D:5      | Gained mutation: You heal slowly when monsters are visible. [potion of mutation]
  4336 | D:5      | Gained mutation: You are somewhat resistant to further mutation. [potion of mutation]
  4339 | D:5      | Found a runed door.
  4516 | D:5      | Found a runed door.
  4519 | D:5      | Reached skill level 11 in Axes
  5032 | D:5      | Found a white marble altar of Elyvilon.
  5126 | D:6      | Found a shadowy altar of Dithmenos.
  5308 | D:6      | Found a sacrificial altar of Ru.
  5341 | D:6      | Reached XP level 8. HP: 42/62 MP: 8/8
  5455 | D:6      | Reached skill level 12 in Axes
  5653 | D:6      | Found a snail-covered altar of Cheibriados.
  5653 | D:6      | Found a basalt altar of Yredelemnul.
  6003 | D:7      | Found a staircase to the Ecumenical Temple.
  6194 | D:7      | Found a snail-covered altar of Cheibriados.
  6208 | D:7      | Reached skill level 13 in Axes
  6266 | D:7      | Became a worshipper of Beogh the Brigand
  6506 | D:7      | Reached skill level 14 in Axes
  6683 | D:7      | Reached XP level 9. HP: 62/68 MP: 9/9
  6973 | D:8      | Reached skill level 15 in Axes
  7222 | D:8      | Acquired Beogh's first power
  7335 | D:8      | Reached skill level 16 in Axes
  7877 | D:9      | Reached skill level 17 in Axes
  7877 | D:9      | Reached XP level 10. HP: 51/74 MP: 10/10
  8189 | D:9      | Found a staircase to the Orcish Mines.
  8288 | D:9      | Found a bloodstained altar of Trog.
  8339 | D:9      | Acquired Beogh's second power
  8673 | D:9      | Reached skill level 1 in Armour
  8686 | D:8      | Slain by a killer bee

Action                   |  1- 3 |  4- 6 |  7- 9 | 10-12 || total
-------------------------+-------+-------+-------+-------++-------
Melee: War axe           |    91 |   137 |   314 |    84 ||   626
Invok: Convert to Beogh  |       |       |     1 |       ||     1
  Use: Scroll            |       |    11 |    13 |     1 ||    25
       Potion            |       |     2 |     1 |     4 ||     7
  Eat: Chunk             |       |     2 |     9 |     2 ||    13
       Bread ration      |       |     2 |       |       ||     2
       Fruit             |       |       |     3 |       ||     3
